 Dungeon Crawl Stone Soup version 0.24-a0-278-gefa1973 (webtiles) character file.

Game seed: 10205523072058377780

81 Hylith the Changer (level 4, -5/36 HPs)
             Began as a Draconian Transmuter on Apr 29, 2019.
             Killed by divine providence
             ... invoked by an orc priest
              (13 damage)
             ... on level 3 of the Dungeon.
             The game lasted 00:04:26 (2927 turns).

Hylith the Changer (Draconian Transmuter)           Turns: 2927, Time: 00:04:27

Health: -5/36      AC:  6    Str: 12    XL:     4   Next: 20%
Magic:  8/8        EV: 12    Int: 15    God:
Gold:   92         SH:  0    Dex: 11    Spells: 3/9 levels left

rFire    . . .     SeeInvis .     - Unarmed
rCold    . . .     Gourm    .   (no shield)
rNeg     . . .     Faith    .   (armour unavailable)
rPois    .         Spirit   .   (helmet restricted)
rElec    .         Reflect  .   (no cloak)
rCorr    .         Harm     .   b - +0 pair of gloves
MR       .....                  (no boots)
Stlth    +.........             (no amulet)
HPRegen  0.12/turn              (no ring)
MPRegen  0.11/turn              (no ring)

@: no status effects
A: unfitting armour, cold-blooded, AC +5
a: no special abilities


You were on level 3 of the Dungeon.
You were not hungry.

You visited 1 branch of the dungeon, and saw 3 of its levels.

You collected 92 gold pieces.

Inventory:

Missiles
 a - 70 arrows
Armour
 b - a +0 pair of gloves (worn)
Jewellery
 f - a +3 amulet of reflection {unknown}
 g - an uncursed ring of positive energy {unknown}
Scrolls
 e - a scroll of identify {unknown}
 k - 4 scrolls of remove curse {unknown}
 l - a scroll of teleportation {unknown}
 m - a scroll of amnesia {unknown}
 n - a scroll of magic mapping {unknown}
 o - a scroll of enchant armour {unknown}
Potions
 j - a potion of heal wounds {unknown}
Comestibles
 c - 6 rations
 i - 6 chunks of flesh


   Skills:
 - Level 2.0 Fighting
 - Level 2.0 Dodging
 - Level 3.0 Unarmed Combat
 + Level 3.0 Spellcasting
 + Level 3.1 Transmutations


You had 3 spell levels left.
You knew the following spells:

 Your Spells              Type           Power        Failure   Level  Hunger
a - Beastly Appendage     Tmut           ##....       5%          1    #......
b - Sticks to Snakes      Tmut           ##......     9%          2    ##.....
c - Spider Form           Tmut/Pois      #.........   30%         3    ###....

Your spell library contained the following spells:

 Spells                   Type           Power        Failure   Level  Hunger
 Confusing Touch          Hex            #.....       21%         1    #......
 Confuse                  Hex            #.......     52%         3    ###....
 Gell's Gravitas          Tloc           #.........   52%         3    ###....
 Ice Form                 Ice/Tmut       #.......     71%         4    #####..
 Petrify                  Tmut/Erth      #.......     71%         4    #####..
 Blade Hands              Tmut           ##........   83%         5    ######.
 Yara's Violent Unravell  Hex/Tmut       #.........   96%         5    ######.
 Metabolic Englaciation   Hex/Ice        #.........   99%         5    ######.


Dungeon Overview and Level Annotations

Branches:
Dungeon (3/15)

Altars:


Innate Abilities, Weirdness & Mutations

Your plain brown scales are hard. (AC +5)
You cannot fit into any form of body armour.
You are cold-blooded and may be slowed by cold attacks.


Message History

You are too injured to fight recklessly!
The adder hisses angrily.
You hear a shout!
The orc priest calls down the wrath of Beogh upon you.
Beogh smites you!
* * * LOW HITPOINT WARNING * * *
An orc comes into view.
The orc wizard gestures wildly while chanting.
The orc wizard blinks!
The hobgoblin hits you but does no damage.
It was a potion of curing.
You feel better.
The orc priest looks encouraged for a moment.
The hobgoblin closely misses you.
It was a potion of cancellation.
You feel magically purged. The hobgoblin hits you with a +0 club.
* * * LOW HITPOINT WARNING * * *
The orc wizard mumbles some strange words.
The orc wizard seems to speed up.
The orc priest mumbles some strange prayers to Beogh against you.
Beogh smites you!
You die...

....÷#.. ... .....#.######.....
.....#......#..... ..
.....#.##...#..... ########....
..........#.#.... #......#....
###............#######?.....#....
###...###.#.#..#.........†..#....
......###.........o.o.........# .
..#.#..........#@.gSoo......#.#.#
..#.#.##.÷.....###########.......
..#...##(##.#..# #.#.##..
..##..##.##...(# #.#.#
.......(.####.## #.......
......##.# ### #.........
..##.###.# #........###
.......... #.###.o..# .....###...
# #..###


You could see an orc priest, an orc wizard, an adder, 2 orcs and a hobgoblin.

Vanquished Creatures
  A gnoll (D:1)
  2 adders
  2 worms (D:2)
  A dart slug (D:3)
  A leopard gecko (D:1)
  A ball python (D:2)
  6 bats
  6 giant cockroaches
  2 goblins
  3 hobgoblins
  4 jackals (D:1)
  5 frilled lizards
  5 kobolds
  7 rats
46 creatures vanquished.

Vanquished Creatures (collateral kills)
  A rat (D:2)
1 creature vanquished.

Grand Total: 47 creatures vanquished

Notes
Turn   | Place    | Note
-------+----------+-------------------------------------------
     0 | D:1      | Hylith the Draconian Transmuter began the quest for the
                  | Orb.
     0 | D:1      | Reached XP level 1. HP: 16/16 MP: 3/3
   352 | D:1      | Reached XP level 2. HP: 9/24 MP: 5/5
   540 | D:1      | Learned a level 2 spell: Sticks to Snakes
   628 | D:1      | You fall through a shaft!
   998 | D:1      | Reached XP level 3. HP: 28/29 MP: 6/6
  1123 | D:1      | Learned a level 3 spell: Spider Form
  2872 | D:3      | Reached XP level 4. HP: 36/36 MP: 8/8
  2927 | D:3      | Killed from afar by an orc priest

Levels and vault maps discovered:
D:1:      dpeg_arrival_tiny_a, layout_basic
D:2:      layout_basic, first_ration, minmay_hedge_maze
D:3:      kennysheep_big_flooded_room, layout_basic

Skill      XL: |  1  2  3  4 |
---------------+-------------+-----
Dodging        | 2 |  2.0
Fighting       | 2 |  2.0
Transmutations | 3 |  3.1
Spellcasting   | 3 |  3.0
Unarmed Combat | |  3.0

Action                   |  1- 3 |  4- 6 || total
-------------------------+-------+-------++-------
Melee: Unarmed           |   171 |    14 ||   185
       Tailslap          |    25 |     2 ||    27
       Punch             |     1 |     1 ||     2
 Cast: Sticks to Snakes  |     3 |       ||     3
  Use: Potion            |       |     2 ||     2
 Stab: Sleeping          |     1 |       ||     1
  Eat: Chunk             |     3 |       ||     3
       Ration            |     1 |       ||     1
Armor: Skin              |    44 |     7 ||    51
Dodge: Dodged            |    95 |    11 ||   106

Table legend:
 A = Non-vault XP
 B = Vault XP
 C = Vault XP percentage of total XP
 D = Non-vault monster count
 E = Vault monster count
 F = Vault count percentage of total count
                 A         B        C        D         E       F
            +---------+---------+-------+---------+---------+-------
      Total |     117 |       0 |   0.0 |      47 |       0 |   0.0
            +---------+---------+-------+---------+---------+-------
        D:1 |      52 |       0 |   0.0 |      25 |       0 |   0.0
        D:2 |      40 |       0 |   0.0 |      14 |       0 |   0.0
        D:3 |      25 |       0 |   0.0 |       8 |       0 |   0.0
            +---------+---------+-------+---------+---------+-------
